 Dungeon Crawl Stone Soup version 0.29-a0-419-g77450f2105 (webtiles) character file.

Game seed: 12422372357842426585

56 Bruhh the Insei (level 3, -7/23 HPs)
             Began as an Octopode Transmuter on May 18, 2022.
             Mangled by an iguana (11 damage)
             ... on level 3 of the Dungeon.
             The game lasted 00:03:11 (2440 turns).

Bruhh the Insei (Octopode Transmuter)               Turns: 2440, Time: 00:03:12

Health: -7/23      AC:  1    Str:  9    XL:     3   Next: 95%
Magic:  6/6        EV: 13    Int: 17    God:
Gold:   97         SH:  0    Dex: 12    Spells: 5/6 levels left

rFire   . . .      SeeInvis .     - Unarmed
rCold   . . .      Faith    .   (no shield)
rNeg    . . .      Spirit   .   (helmet restricted)
rPois   .          Reflect  .   (no amulet)
rElec   .          Harm     .   (no ring)
rCorr   .          Rampage  .   (no ring)
Will    .....                   (no ring)
Stlth   ++........              (no ring)
HPRegen 0.07/turn               (no ring)
MPRegen 0.10/turn               (no ring)
                                (no ring)
                                (no ring)

@: flying
A: almost no armour, amphibious, 8 rings, camouflage 1, gelatinous body 1,
(nimble swimmer 1), tentacles
a: no special abilities


You were on level 3 of the Dungeon.
You visited 1 branch of the dungeon, and saw 3 of its levels.

You collected 97 gold pieces.

Inventory:

Missiles
 g - 5 poisoned darts
Scrolls
 b - 3 scrolls of immolation {unknown}
 c - 3 scrolls of identify {unknown}
 d - a scroll of brand weapon {unknown}
 i - a scroll of enchant weapon {unknown}
 l - a scroll of amnesia {unknown}
 m - a scroll of magic mapping {unknown}
 o - a scroll of poison {unknown}
Potions
 a - a potion of lignification
 e - a potion of invisibility {unknown}
 f - a potion of mutation {unknown}
 h - a potion of magic {unknown}
 k - a potion of cancellation
 n - a potion of brilliance {unknown}


   Skills:
 - Level 1.0 Fighting
 - Level 2.0 Dodging
 + Level 3.9 Unarmed Combat
 - Level 2.0 Spellcasting
 + Level 3.2 Transmutations


You had 5 spell levels left.
You knew the following spells:

 Your Spells              Type           Power      Damage    Failure   Level
a - Beastly Appendage     Tmut           24%        N/A       5%          1

Your spell library contained the following spells:

 Spells                   Type           Power      Damage    Failure   Level
 Wereblood                Tmut           12%        N/A       8%          2
 Spider Form              Tmut/Pois      7%         N/A       30%         3
 Inner Flame              Hex/Fire       1%         N/A       50%         3
 Ice Form                 Ice/Tmut       7%         N/A       69%         4
 Cause Fear               Hex            0%         N/A       88%         4
 Discord                  Hex            0%         N/A       100%        8


Dungeon Overview and Level Annotations

Branches:
Dungeon (3/15)

Altars:
Nemelex Xobeh


Innate Abilities, Weirdness & Mutations

You cannot wear most types of armour.
You are amphibious.
You can wear up to eight rings at the same time.
Your skin changes colour to match your surroundings (Stealth+).
Your rubbery body absorbs attacks. (AC +1, EV +1)
((You are camouflaged when in or above water. (Stealth+)))
You have tentacles for arms and can constrict up to eight enemies at once.


Message History

You closely miss the iguana. Your grab misses the iguana.
You pierce the iguana.
Your squeeze misses the iguana.
The iguana is lightly wounded.
The iguana closely misses you.
You barely miss the iguana. Your grab misses the iguana.
The iguana is lightly wounded.
The iguana barely misses you.
You tentacle-slap the iguana. Your grab misses the iguana.
You squeeze the iguana.
The iguana is moderately wounded.
The iguana misses you.
You barely miss the iguana. You grab the iguana.
The iguana is moderately wounded.
You constrict the iguana, but do no damage.
The iguana bites you.
You tentacle-slap the iguana.
The iguana is heavily wounded.
You constrict the iguana. The iguana closely misses you.
You barely miss the iguana.
The iguana is heavily wounded.
You constrict the iguana. The iguana bites you!
Ouch! That really hurt!
* * * LOW HITPOINT WARNING * * *
You are too injured to fight recklessly!
You are too injured to fight recklessly!
You are too injured to fight recklessly!
You tentacle-slap the iguana but do no damage.
The iguana is severely wounded.
You constrict the iguana, but do no damage.
The iguana bites you.
* * * LOW HITPOINT WARNING * * *
It was a potion of cancellation.
Your magical effects are unravelling.
You feel magically purged.
Your tentacle spike disappears.
You constrict the iguana. The iguana barely misses you.
It was a potion of flight.
You feel very buoyant.
You fly up into the air.
You constrict the iguana. The iguana bites you!
You die...

.........
.........
####≈.......
....≈......
≈.≈.......
..≈...... ##
##≈l...... #.
#.@.......
#.#######....#...
#.#.?............
#................
#......).$......
#..........#####
#.<...?....#
#..........#
#.....).#####


You could see an iguana.

Vanquished Creatures
  An adder (D:3)
  A dart slug (D:2)
  2 bats
  7 endoplasms
  2 giant cockroaches (D:2)
  3 goblins
  5 hobgoblins (D:2)
  3 jackals (D:2)
  A quokka (D:2)
  2 ball pythons (D:1)
  2 frilled lizards
  5 kobolds
  5 rats
39 creatures vanquished.

Notes
Turn   | Place    | Note
-------+----------+-------------------------------------------
     0 | D:1      | Bruhh the Octopode Transmuter began the quest for the Orb.
     0 | D:1      | Reached XP level 1. HP: 13/13 MP: 3/3
   408 | D:1      | Reached XP level 2. HP: 18/18 MP: 3/5
   679 | D:1      | Found a faded altar of an unknown god.
  1405 | D:2      | Reached XP level 3. HP: 16/23 MP: 6/6
  1748 | D:2      | Found a sparkling altar of Nemelex Xobeh.
  2440 | D:3      | Mangled by an iguana

Illustrated notes

Levels and vault maps discovered:
D:1:      dpeg_arrival_orchard, layout_basic, chequers_ecumenical_altar_twisty,
          minmay_misc_feat_more_columns, roderic_lattice_a
D:2:      layout_basic, basic_altar, kennysheep_path_1, grunt_ministairs_9
D:3:      layout_rooms, nicolae_ru_path_of_blood, serial_shops,
          nicolae_shop_stone

Skill      XL: |  1  2  3 |
---------------+----------+-----
Transmutations | 3 |  3.2
Fighting       | |  1.0
Dodging        | |  2.0
Unarmed Combat | |  3.9
Spellcasting   | |  2.0

Action                   || total
-------------------------++-------
Melee: Unarmed           ||    70
       Tentacles         ||    14
       Constrict         ||    17
       Kick              ||    27
       Punch             ||     1
 Cast: Beastly Appendage ||    25
  Use: Potion            ||     2
 Stab: Sleeping          ||     5
Armor: Skin              ||     6
Dodge: Dodged            ||    43

Table legend: (Time is in decaauts)
 A = Elapsed time spent in this place.
 B = Non-inter-level travel time spent in this place.
 C = Inter-level travel time spent in this place.
 D = Time resting spent in this place.
 E = Time spent auto-exploring this place.
 F = Levels seen in this place.
 G = Mean time per level.
                   A        B        C        D        E       F      G
               +--------+--------+--------+--------+--------+-----+--------+
         Total |   2435 |   2407 |     28 |      0 |   2158 |   3 |  811.7 |
       Dungeon |   2435 |   2407 |     28 |      0 |   2158 |   3 |  811.7 |
               +--------+--------+--------+--------+--------+-----+--------+

Top non-repeatable levels by time:
     D:2: 1341 daAuts
     D:1: 1000 daAuts
     D:3: 93 daAuts
